 Dungeon Crawl Stone Soup version 0.29-a0-341-g24ffce5b50 (webtiles) character file.

Game seed: 16036242966640012521

3122 Strat the Arsonist (level 9, -2/72 (79) HPs)
             Began as a Hill Orc Fire Elementalist on Apr 20, 2022.
             Was a Follower of Uskayaw.
             Slain by a wolf (4 damage)
             ... led by Grum
             ... on level 7 of the Dungeon.
             The game lasted 00:25:13 (10184 turns).

Strat the Arsonist (Hill Orc Fire Elementalist)    Turns: 10184, Time: 00:25:13

HP:   -2/72 (79)    AC:  4    Str: 13    XL:     9   Next: 91%
MP:   18/18         EV: 12    Int: 17    God:    Uskayaw [*.....]
Gold: 297           SH:  0    Dex: 11    Spells: 7/20 levels left

rFire   . . .      SeeInvis .   a - +1 dagger (venom)
rCold   . . .      Faith    .   (no shield)
rNeg    . . .      Spirit   .   f - +0 robe
rPois   .          Reflect  .   l - +0 helmet
rElec   .          Harm     .   u - +0 cloak
rCorr   .          Rampage  .   (no gloves)
Will    .....                   (no boots)
Stlth   ++........              q - amulet of regeneration
HPRegen 1.02/turn               (no ring)
MPRegen 0.16/turn               (no ring)

@: hasted, drained, very quick
A: no striking features
a: Renounce Religion, Stomp


You were on level 7 of the Dungeon.
You worshipped Uskayaw.
Uskayaw was noncommittal.
You visited 2 branches of the dungeon, and saw 9 of its levels.

You collected 297 gold pieces.

Inventory:

Hand Weapons
 a - a +1 dagger of venom (weapon)
 b - a +1 rapier of electrocution
 d - a +0 club
 j - a +0 whip
 n - a +4 quarterstaff of chaos
Missiles
 c - 208 stones
 e - a curare-tipped dart
 k - 18 poisoned darts (quivered)
Armour
 f - a +0 robe (worn)
 l - a +0 helmet (worn)
 p - a +0 kite shield
 r - a scarf of invisibility
 u - a +0 cloak (worn)
Jewellery
 h - an amulet of reflection
 q - an amulet of regeneration (around neck)
 y - a ring of magical power
Scrolls
 s - 3 scrolls of identify
Potions
 g - a potion of haste
 i - 3 potions of ambrosia
 m - 4 potions of lignification
 o - 3 potions of attraction
 v - 2 potions of resistance
 w - a potion of mutation {unknown}
 x - a potion of curing
 z - a potion of brilliance {unknown}


   Skills:
 - Level 7.0 Fighting
 - Level 1.5 Dodging
 - Level 1.5 Stealth
 + Level 6.2 Spellcasting
 - Level 3.0 Conjurations
 - Level 2.0 Hexes
 - Level 9.0 Fire Magic
 + Level 4.5 Invocations


You had 7 spell levels left.
You knew the following spells:

 Your Spells              Type           Power      Damage    Failure   Level
a - Foxfire               Conj/Fire      100%       2x1d9     1%          1
b - Scorch                Fire           70%        2d8       1%          2
c - Conjure Flame         Conj/Fire      25%        6-21      3%          3
d - Flame Wave            Conj/Fire      25%        2d7       11%         4
e - Inner Flame           Hex/Fire       24%        N/A       4%          3

Your spell library contained the following spells:

 Spells                   Type           Power      Damage    Failure   Level
 Magic Dart               Conj           60%        1d6       3%          1
 Searing Ray              Conj           30%        2d5       5%          2
 Tukima's Dance           Hex            12%        N/A       17%         3
 Fulminant Prism          Conj/Hex       6%         3d7       41%         4
 Iskenderun's Mystic Bla  Conj/Tloc      10%        2d4       56%         4
 Anguish                  Hex/Necr       4%         N/A       63%         4
 Animate Dead             Necr           2%         N/A       77%         4
 Borgnjor's Vile Clutch   Necr/Erth      2%         N/A       98%         5
 Lee's Rapid Deconstruct  Erth           2%         3d6*      98%         5
 Death Channel            Necr           2%         N/A       100%        6
 Enfeeble                 Hex            6%         N/A       100%        7


Dungeon Overview and Level Annotations

Branches:
Dungeon (8/15)             Temple (1/1) D:7
   Lair: D:8-11

Altars:
Ashenzari
Cheibriados
Dithmenos
Elyvilon
Fedhas
Gozag
Hepliaklqana
Kikubaaqudgha
Makhleb
Nemelex Xobeh
Okawaru
Qazlal
Ru
Sif Muna
Trog
Uskayaw
Vehumet
Wu Jian
Xom
Yredelemnul
Zin
The Shining One

Shops:
D:4 (!(=!(=?

Annotations:
D:8 Maggie


Message History

You start resting.
Magic restored.
There is an escape hatch in the floor here.
There is a stone staircase leading down here.
You climb downwards.
Level annotation: Maggie The wolf howls!
The centaur shouts!
The wolf closely misses you.
The wolf bites you. x2; The wolf bites you!
The wolf bites you. x2
* * * LOW HITPOINT WARNING * * *
The wolf bites you!
* * * LOW HITPOINT WARNING * * *
The wolf bites you.
* * * LOW HITPOINT WARNING * * *
There is a stone staircase leading up, spattered with blood here.
The wolf closely misses you. The wolf bites you!
* * * LOW HITPOINT WARNING * * *
The wolf bites you but does no damage. The wolf bites you.
* * * LOW HITPOINT WARNING * * *
The wolf bites you.
* * * LOW HITPOINT WARNING * * *
The wolf bites you.
* * * LOW HITPOINT WARNING * * *
The wolf bites you but does no damage. The wolf bites you!
* * * LOW HITPOINT WARNING * * *
The wight closely misses you. x2
You climb upwards.
There is a stone staircase leading down here.
Okay, then.
You feel yourself speed up. The wolf barely misses you. The wolf bites you.
* * * LOW HITPOINT WARNING * * *
The wolf bites you!
* * * LOW HITPOINT WARNING * * *
The wolf barely misses you.
The wight hits you with a +3 short sword.
* * * LOW HITPOINT WARNING * * *
You feel drained. The wight hits you with a +0 flail.
* * * LOW HITPOINT WARNING * * *
You feel drained. The wolf bites you.
You die...

#.##.#.#.###...<.......#....#
..................#..#####.#####
.#...##.........#...### ##.....#
...#.##.........##....###......#
...............................#
................#..###.##......#
..............#.#.####.##.######
..#####.....#.#h.h# #........#
..######.#..#..z@h###........#
..<...).........hz...........#
..#####..#...###..###........#
#........#....#.....#####.####
##..###.####..#......####.# #..#
#...................# ##..#
#.............####..## ....#
#.......#............# .##.#
#.......#............#


You could see 4 wolves and 2 wights.

Vanquished Creatures
  Pikel (D:4)
  A hornet (D:5)
  Sigmund (D:6)
  Grum (D:7)
  A water moccasin (D:5)
  An orc warrior (D:5)
  Duvessa (D:6)
  An ice beast (D:6)
  2 sky beasts (D:5)
  An ogre (D:6)
  A lemure (D:4)
  2 kobold brigands
  2 bullfrogs (D:7)
  A scorpion (D:5)
  4 wights (D:7)
  Dowan (D:6)
  4 killer bees (D:7)
  A howler monkey (D:6)
  3 hounds
  2 jellies (D:6)
  A gnoll shaman (D:5)
  An orc priest (D:7)
  Crazy Yiuf (D:2)
  Terence (D:2)
  5 iguanas
  An orc wizard (D:5)
  Robin (D:2)
  8 gnolls
  9 adders
  A shadow imp (D:5)
  2 white imps
  An ufetubus (D:7)
  A worm (D:2)
  A dart slug (D:3)
  8 orcs
  4 ball pythons
  4 bats
  3 endoplasms
  8 giant cockroaches
  19 goblins
  11 hobgoblins
  16 kobolds
  4 quokkas
  4 frilled lizards
  2 rats
149 creatures vanquished.

Vanquished Creatures (others)
  74 foxfires
  8 plants (D:7)
82 creatures vanquished.

Grand Total: 231 creatures vanquished

Notes
Turn   | Place    | Note
-------+----------+-------------------------------------------
     0 | D:1      | Strat the Hill Orc Fire Elementalist began the quest for
                  | the Orb.
     0 | D:1      | Reached XP level 1. HP: 14/14 MP: 3/3
   417 | D:1      | Reached XP level 2. HP: 18/20 MP: 0/4
   418 | D:1      | Reached skill level 4 in Fire Magic
  1049 | D:2      | Noticed Robin
  1140 | D:2      | Learned a level 2 spell: Scorch
  1234 | D:2      | Reached XP level 3. HP: 19/26 MP: 1/5
  1697 | D:2      | Killed Robin
  2027 | D:2      | Reached XP level 4. HP: 33/33 MP: 1/6
  2079 | D:2      | Learned a level 3 spell: Conjure Flame
  2278 | D:2      | Noticed Terence
  3313 | D:3      | Reached skill level 5 in Fire Magic
  3757 | D:2      | Reached XP level 5. HP: 38/38 MP: 1/7
  3885 | D:2      | Killed Terence
  4213 | D:2      | Reached skill level 6 in Fire Magic
  4313 | D:2      | Found a faded altar of an unknown god.
  4478 | D:2      | Found a runed translucent door.
  4479 | D:2      | Noticed Crazy Yiuf
  4494 | D:2      | Killed Crazy Yiuf
  4495 | D:2      | Reached skill level 1 in Fighting
  4658 | D:4      | Noticed a lemure
  4706 | D:4      | Reached XP level 6. HP: 47/47 MP: 3/8
  4778 | D:4      | Found Lemmilegg's Distillery.
  4778 | D:4      | Found Qeabrow's Jewellery Shoppe.
  4782 | D:4      | Found Kanlok's Jewellery Shoppe.
  4782 | D:4      | Found Mabuam's Magic Scroll Shoppe.
  4891 | D:4      | Noticed Pikel
  5231 | D:4      | Found Famuhyu's Weapon Emporium.
  5376 | D:4      | Killed Pikel
  5377 | D:4      | Reached skill level 7 in Fire Magic
  5377 | D:4      | Reached XP level 7. HP: 51/57 MP: 1/12
  5469 | D:4      | Found Ukkelyur's Distillery.
  5562 | D:4      | Found Owaxood's Antique Weapon Emporium.
  5614 | D:4      | Found Otecs's Weapon Shop.
  5753 | D:4      | You fall into a shaft and drop 1 floor!
  5753 | D:5      | Entered Level 5 of the Dungeon
  5793 | D:5      | Reached XP level 8. HP: 63/63 MP: 7/14
  6146 | D:5      | Noticed a hornet
  6152 | D:5      | Killed a hornet
  6153 | D:5      | Reached skill level 5 in Spellcasting
  6244 | D:5      | Found a glowing silver altar of Zin.
  6267 | D:5      | Learned a level 4 spell: Flame Wave
  6271 | D:5      | Learned a level 3 spell: Inner Flame
  6542 | D:5      | Reached skill level 5 in Fighting
  6641 | D:5      | Reached skill level 1 in Hexes
  7181 | D:6      | Noticed Duvessa
  7363 | D:6      | Noticed Dowan
  7411 | D:6      | Reached XP level 9. HP: 66/75 MP: 7/16
  7438 | D:6      | Noticed Sigmund
  7625 | D:5      | Reached skill level 8 in Fire Magic
  8049 | D:6      | Killed Dowan
  8173 | D:6      | Killed Duvessa
  8190 | D:6      | Reached skill level 9 in Fire Magic
  8708 | D:6      | Killed Sigmund
  9062 | D:7      | Found an iron altar of Okawaru.
  9063 | D:7      | Found an ancient bone altar of Kikubaaqudgha.
  9065 | D:7      | Found a blossoming altar of Fedhas.
  9133 | D:7      | Found a staircase to the Ecumenical Temple.
  9139 | Temple   | Entered the Ecumenical Temple
  9397 | Temple   | Became a worshipper of Uskayaw the Reveller
  9430 | D:7      | Reached * piety under Uskayaw
  9432 | D:7      | Reached ** piety under Uskayaw
  9433 | D:7      | Reached skill level 1 in Invocations
  9671 | D:7      | Reached *** piety under Uskayaw
  9985 | D:8      | Noticed Grum
 10001 | D:7      | Killed Grum
 10001 | D:7      | Reached **** piety under Uskayaw
 10088 | D:8      | Noticed Maggie
 10184 | D:7      | HP: 3/74 [wight/+3 short sword (1)]
 10184 | D:7      | Slain by a wolf

Illustrated notes

Levels and vault maps discovered:
D:1:      erik_arrival_cave_to_civilisation [erik_arrival_cave_to_hall],
          layout_basic
D:2:      layout_loops_ring, hellmonk_ecumenical_altar_inner_sanctum,
          grunt_decor_fettered, uniq_crazy_yiuf_cottage, uniq_robin,
          uniq_terence
D:3:      layout_basic
D:4:      layout_rooms, serial_shops, nicolae_shop_behind_doors,
          nicolae_shop_advertising_works [nicolae_subvault_shop_adworks], shop,
          shop, minmay_shop_grid_forest, eino_small_chamber_without_monster,
          uniq_pikel
D:5:      kennysheep_spiral_hall, layout_loops_ring,
          mainiacjoe_overflow_alcove_2, amcnicky_mini_rare_corridor_liquid,
          hangedman_abyss_or_decor_lesser_grid
D:6:      layout_cave_pools, uniq_duvessa, uniq_sigmund
D:7:      layout_rooms, nicolae_overflow_hidden_temple,
          minmay_temple_entry_gardened_gates
D:8:      layout_layer_cave, uniq_maggie, uniq_grum, uniq_psyche
Temple:   dpeg_five_rooms_temple

Skill      XL: |  1  2  3  4  5  6  7  8  9 |
---------------+----------------------------+-----
Fire Magic     | 4 5 6 7 9 |  9.0
Conjurations   | 2 3 |  3.0
Fighting       | 1 3 6 7 |  7.0
Spellcasting   | 3 4 5 6 |  6.2
Hexes          | 2 |  2.0
Invocations    | 4 |  4.5
Dodging        | |  1.5
Stealth        | |  1.5

Action                   |  1- 3 |  4- 6 |  7- 9 || total
-------------------------+-------+-------+-------++-------
Melee: Whip              |     7 |       |       ||     7
       Dagger            |     4 |    31 |    48 ||    83
       Quarterstaff      |       |     1 |       ||     1
Throw: Dart              |       |       |     6 ||     6
 Cast: Foxfire           |    25 |    15 |     6 ||    46
       Scorch            |    14 |    58 |   104 ||   176
       Flame Wave        |       |       |     9 ||     9
  Use: Scroll            |       |    10 |     7 ||    17
       Potion            |       |     1 |     4 ||     5
 Stab: Sleeping          |       |     1 |     1 ||     2
       Invisible         |       |       |     1 ||     1
Armor: Robe              |     6 |     5 |    24 ||    35
Dodge: Dodged            |    23 |    32 |   102 ||   157

Table legend: (Time is in decaauts)
 A = Elapsed time spent in this place.
 B = Non-inter-level travel time spent in this place.
 C = Inter-level travel time spent in this place.
 D = Time resting spent in this place.
 E = Time spent auto-exploring this place.
 F = Levels seen in this place.
 G = Mean time per level.
                   A        B        C        D        E       F      G
               +--------+--------+--------+--------+--------+-----+--------+
         Total |  10198 |   9479 |    719 |   2425 |   5177 |   9 | 1133.1 |
       Dungeon |   9908 |   9219 |    689 |   2425 |   4991 |   8 | 1238.5 |
        Temple |    289 |    259 |     30 |      0 |    186 |   1 |  289.0 |
               +--------+--------+--------+--------+--------+-----+--------+

Top non-repeatable levels by time:
     D:2: 2068 daAuts
     D:5: 1961 daAuts
     D:3: 1568 daAuts
     D:1: 1227 daAuts
     D:6: 1206 daAuts
     D:4: 1032 daAuts
     D:7: 837 daAuts
  Temple: 289 daAuts
     D:8: 6 daAuts
